 Dungeon Crawl Stone Soup version 0.20.0-15-g7f486f2 (webtiles) character file.

2140 anfisbena the Conjurer (level 9, -3/48 HPs)
             Began as a Gargoyle Wizard on June 11, 2017.
             Was a Priest of Vehumet.
             Slain by mcbry's ghost (10 damage)
             ... on level 7 of the Dungeon.
             The game lasted 00:14:17 (8761 turns).

anfisbena the Conjurer (Gargoyle Wizard)            Turns: 8761, Time: 00:14:17

Health: -3/48      AC:  9    Str: 11    XL:     9   Next: 30%
Magic:  3/14       EV: 12    Int: 22    God:    Vehumet [***...]
Gold:   309        SH:  5    Dex:  8    Spells: 5/15 levels left

rFire    . . .     SeeInvis .   r - +0 quarterstaff
rCold    . . .     Gourm    .   (shield currently unavailable)
rNeg     + . .     Faith    .   a - +0 robe
rPois    ∞         Spirit   .   b - +0 hat
rElec    +         Reflect  +   (no cloak)
rCorr    .         Harm     .   p - +0 pair of gloves
MR       .....                  g - +0 pair of boots
Stlth    ++........             s - +5 amulet of reflection
Regen    0.2/turn               (no ring)
MPRegen  0.2/turn               (no ring)

@: no status effects
A: negative energy resistance 1, electricity resistance, unbreathing,
petrification resistance, rot immunity, AC +5
a: Renounce Religion


You were on level 7 of the Dungeon.
You worshipped Vehumet.
Vehumet was most pleased with you.
You were not hungry.

You visited 2 branches of the dungeon, and saw 8 of its levels.

You collected 309 gold pieces.

Inventory:

Hand Weapons
 r - a +0 quarterstaff (weapon)
Armour
 a - a +0 robe (worn)
 b - a +0 hat (worn)
 g - a +0 pair of boots (worn)
 p - a +0 pair of gloves (worn)
Jewellery
 s - a +5 amulet of reflection (around neck)
Scrolls
 e - 6 scrolls of remove curse
 f - 3 scrolls of recharging
 i - 5 scrolls of magic mapping
 l - a scroll of fog
 n - a scroll of random uselessness {unknown}
 t - 2 scrolls of teleportation {unknown}
 u - a scroll of fear {unknown}
 y - a scroll of noise {unknown}
 z - 2 scrolls of blinking
 A - 2 scrolls of enchant armour
 D - a scroll of enchant weapon {unknown}
 F - a scroll of amnesia {unknown}
 G - a scroll of immolation {unknown}
 I - a scroll of identify
Potions
 k - 2 potions of heal wounds {unknown}
 m - a potion of magic {unknown}
 o - 3 potions of curing
 q - a potion of might {unknown}
 v - a potion of lignification {unknown}
 x - a potion of flight {unknown}
 B - 2 potions of degeneration {unknown}
 C - a potion of haste {unknown}
 E - a potion of invisibility {unknown}
Books
 c - a book of Minor Magic

   Spells                             Type                      Level
   a - Magic Dart                     Conjuration                  1
   b - Blink                          Translocation                2
   c - Call Imp                       Summoning                    2
   d - Slow                           Hexes                        2
   e - Conjure Flame                  Conjuration/Fire             3
   f - Mephitic Cloud                 Conjuration/Poison/Air       3
 w - a book of Cantrips

   Spells                             Type                      Level
   a - Confusing Touch                Hexes                        1
   b - Animate Skeleton               Necromancy                   1
   c - Summon Small Mammal            Summoning                    1
   d - Apportation                    Translocation                1
Comestibles
 d - 6 bread rations
 h - 3 royal jellies
 j - 2 meat rations


   Skills:
 + Level 2.0 Fighting
 * Level 2.6 Staves
 - Level 1.5 Dodging
 - Level 2.1 Stealth
 + Level 3.8 Spellcasting
 + Level 7.0 Conjurations
   Level 0.8 Summonings
 - Level 3.0 Translocations
 * Level 6.0 Fire Magic
 - Level 3.0 Air Magic
 - Level 4.0 Poison Magic


You had 5 spell levels left.
You knew the following spells:

 Your Spells              Type           Power        Failure   Level  Hunger
a - Magic Dart            Conj           ####         1%          1    None
b - Blink                 Tloc           N/A          4%          2    #......
c - Conjure Flame         Conj/Fire      ####....     1%          3    ###....
d - Mephitic Cloud        Conj/Pois/Air  ###.....     1%          3    ###....
e - Apportation           Tloc           ###...       3%          1    None


Dungeon Overview and Level Annotations

Branches:
Dungeon (7/15)             Temple (1/1) D:5

Altars:
Ashenzari
Cheibriados
Dithmenos
Fedhas
Hepliaklqana
Kikubaaqudgha
Makhleb
Nemelex Xobeh
Okawaru
Qazlal
Ru
Sif Muna
Trog
Uskayaw
Vehumet
Xom
Zin
Lugonu

Annotations:
D:7 mcbry's ghost, novice HOFi


Innate Abilities, Weirdness & Mutations

You are resistant to torment.
Your stone body is resilient. (AC +5)
You are immune to poison.
You resist negative energy. (rN+)
You are resistant to electric shocks. (rElec)
You can survive without breathing.
You are immune to petrification.
You are immune to rotting.


Message History

You sock the iguana!
The iguana is almost dead.
The iguana is engulfed in noxious fumes.
The iguana appears confused.
You kill the iguana!
Vehumet accepts your kill.
Your Fighting skill increases to level 2!
An orc comes into view. It is wielding a dagger.
Mcbry's ghost boasts, "I have defeated monsters you have never seen."
Found a pair of gloves.
Mcbry's ghost wails.
Found an arbalest.
An orc and an orc wizard come into view.
The orc wizard gestures at you while chanting.
The puff of flame hits you!
* * * LOW HITPOINT WARNING * * *
The orc wizard hits you with a dagger.
* * * LOW HITPOINT WARNING * * *
The orc barely misses you. Mcbry's ghost hits you!
You die...

#... h....$#
#..# ......#
#..# #.#..###
#..# #.#.....
##..####...#
#.....).(.#
###o###...#
#.# #oo.#
###.# #>@##
#[..# #.W#
###.###.)#
#...#...#
......#.....#
#####......##
##.#...#
..)......
####...####


You could see an orc wizard, mcbry's ghost and an orc.

Vanquished Creatures
  A water moccasin (D:5)
  An ice beast (D:5)
  4 ogres
  A phantom (D:6)
  2 centaurs
  3 bullfrogs
  3 scorpions
  A howler monkey (D:6)
  A bullfrog zombie (D:6)
  3 crimson imps
  2 jellies
  3 hounds
  6 orc wizards
  A bullfrog skeleton (D:4)
  2 iguanas
  3 worker ants
  15 gnolls
  3 adders
  An adder zombie (D:5)
  An adder skeleton (D:4)
  3 worms
  5 dart slugs
  18 orcs
  7 bats
  4 giant cockroaches
  6 goblins
  5 hobgoblins
  19 jackals
  9 kobolds
  4 quokkas
  A ball python (D:3)
  6 frilled lizards
  A jackal zombie (D:5)
  A leopard gecko zombie (D:5)
  2 quokka skeletons (D:5)
  6 rats
154 creatures vanquished.

Vanquished Creatures (others)
  A centaur (D:6)
  7 plants (D:5)
8 creatures vanquished.

Grand Total: 162 creatures vanquished

Notes
Turn   | Place    | Note
-------+----------+-------------------------------------------
     0 | D:1      | anfisbena the Gargoyle Wizard began the quest for the Orb.
     0 | D:1      | Reached XP level 1. HP: 10/10 MP: 4/4
   219 | D:1      | Reached skill level 2 in Conjurations
   219 | D:1      | Reached XP level 2. HP: 15/15 MP: 0/6
   904 | D:1      | Reached skill level 3 in Conjurations
  1022 | D:1      | Reached XP level 3. HP: 19/19 MP: 4/7
  1527 | D:2      | Noticed a dagger
  1528 | D:2      | Noticed a dagger
  1533 | D:2      | Found a hide-covered altar of Uskayaw.
  1853 | D:2      | Found a sparkling altar of Nemelex Xobeh.
  2301 | D:2      | Found a radiant altar of Vehumet.
  2315 | D:2      | Became a worshipper of Vehumet
  2319 | D:2      | Learned a level 2 spell: Blink
  2323 | D:2      | Learned a level 3 spell: Conjure Flame
  2366 | D:2      | Found a burning altar of Makhleb.
  2370 | D:2      | Found a shadowy altar of Dithmenos.
  2586 | D:3      | Reached XP level 4. HP: 10/24 MP: 2/8
  2809 | D:3      | Reached skill level 4 in Conjurations
  2809 | D:3      | Reached skill level 1 in Fire Magic
  3150 | D:3      | Found a sacrificial altar of Ru.
  3161 | D:3      | Reached XP level 5. HP: 28/28 MP: 1/9
  3788 | D:4      | Found a bloodstained altar of Trog.
  3810 | D:4      | Reached skill level 5 in Conjurations
  3870 | D:4      | Reached * piety under Vehumet
  3870 | D:4      | Offered knowledge of Shock by Vehumet.
  3918 | D:4      | Learned a level 3 spell: Mephitic Cloud
  3920 | D:4      | Learned a level 1 spell: Apportation
  3969 | D:4      | Reached XP level 6. HP: 32/32 MP: 3/10
  4301 | D:4      | Reached skill level 6 in Conjurations
  4724 | D:4      | Reached skill level 1 in Air Magic
  4724 | D:4      | Reached skill level 1 in Poison Magic
  4813 | D:5      | Entered Level 5 of the Dungeon
  5038 | D:5      | Reached XP level 7. HP: 36/36 MP: 4/11
  5229 | D:5      | Found a hazy altar of Hepliaklqana.
  5403 | D:5      | Found a shattered altar of Ashenzari.
  5441 | D:5      | Found a staircase to the Ecumenical Temple.
  5447 | Temple   | Entered the Ecumenical Temple
  5453 | Temple   | Reached ** piety under Vehumet
  6124 | D:5      | Reached skill level 1 in Translocations
  6589 | D:5      | Reached XP level 8. HP: 41/41 MP: 3/12
  6868 | D:5      | Offered knowledge of Sandblast by Vehumet.
  7154 | D:6      | Reached skill level 5 in Fire Magic
  7863 | D:6      | Reached XP level 9. HP: 31/45 MP: 14/14
  8042 | D:6      | Found an ancient bone altar of Kikubaaqudgha.
  8068 | D:6      | Offered knowledge of Static Discharge by Vehumet.
  8173 | D:6      | Reached skill level 1 in Staves
  8475 | D:6      | Reached skill level 1 in Fighting
  8737 | D:7      | Noticed mcbry's ghost (novice HOFi)
  8743 | D:7      | Reached *** piety under Vehumet
  8743 | D:7      | Reached skill level 7 in Conjurations
  8761 | D:7      | Slain by mcbry's ghost

Skill      XL: |  1  2  3  4  5  6  7  8  9 |
---------------+----------------------------+-----
Conjurations   | 2 3 4 5 6 7 |  7.0
Fire Magic     | 1 2 3 4 5 6 |  6.0
Air Magic      | 1 2 3 |  3.0
Poison Magic   | 1 2 4 |  4.0
Translocations | 2 3 |  3.0
Staves         | 2 |  2.6
Fighting       | 2 |  2.0
Dodging        | |  1.5
Stealth        | |  2.1
Spellcasting   | |  3.8
Summonings     | |  0.8

Action                   |  1- 3 |  4- 6 |  7- 9 || total
-------------------------+-------+-------+-------++-------
Melee: Unarmed           |     8 |       |       ||     8
       Quarterstaff      |    14 |    28 |   141 ||   183
 Cast: Magic Dart        |    86 |   133 |   241 ||   460
       Conjure Flame     |       |     1 |     2 ||     3
       Mephitic Cloud    |       |       |     6 ||     6
       Blink             |       |       |     1 ||     1
  Use: Scroll            |       |       |     6 ||     6
  Eat: Chunk             |     5 |     7 |    11 ||    23
       Royal jelly       |       |       |     1 ||     1
Armor: Robe              |     9 |    15 |   101 ||   125
Dodge: Dodged            |    23 |    37 |   158 ||   218
Block: Other             |     4 |    10 |    73 ||    87
       Reflection        |       |       |     2 ||     2
